 Dungeon Crawl Stone Soup version 0.30-a0-719-gcc4359ea44 (webtiles) character file.

Game seed: 316290242119895683

2304 Dittersdorf the Covered (level 9, 0/57 HPs)
             Began as a Gargoyle Fighter on Jan 26, 2023.
             Was a Follower of Qazlal.
             Slain by an unseen horror simulacrum (18 damage)
             ... on level 7 of the Dungeon.
             The game lasted 00:08:02 (6225 turns).

Dittersdorf the Covered (Gargoyle Fighter)          Turns: 6225, Time: 00:08:03

Health: 0/57       AC: 26    Str: 23    XL:     9   Next: 40%
Magic:  9/9        EV:  8    Int: 10    God:    Qazlal [*.....]
Gold:   355        SH:  7    Dex:  9    Spells: 8/8 levels left

rFire   . . .      SeeInvis .    a - +0 flail (protect)
rCold   . . .      Faith    .    c - +0 buckler
rNeg    + . .      Spirit   .    p - +0 chain mail
rPois   ∞          Reflect  .    g - +0 helmet
rElec   +          Harm     .    (no cloak)
rCorr   +          Rampage  .    (no gloves)
Will    .....                    m - +0 pair of boots Stlth
                                 (no amulet)
HPRegen 0.29/turn                r - ring of resist corrosion
MPRegen 0.11/turn                (no ring)

@: under a protective aura
A: sickness immunity, AC +6, negative energy resistance 1, electricity
resistance, torment resistance 1, petrification resistance
a: Renounce Religion


You were on level 7 of the Dungeon.
You worshipped Qazlal.
Qazlal was aware of your devotion.
You visited 2 branches of the dungeon, and saw 8 of its levels.

You collected 355 gold pieces.

Inventory:

Hand Weapons
 a - a +0 flail of protection (weapon)
Armour
 c - a +0 buckler (worn)
 g - a +0 helmet (worn)
 m - a +0 pair of boots (worn)
 p - a +0 chain mail (worn)
Jewellery
 b - a ring of wizardry
 r - a ring of resist corrosion (left hand)
Wands
 j - a wand of iceblast (8)
 u - a wand of digging (4)
Scrolls
 i - 3 scrolls of teleportation {unknown}
 l - 2 scrolls of fear {unknown}
 n - 3 scrolls of brand weapon
 s - 2 scrolls of enchant weapon {unknown}
 t - 2 scrolls of magic mapping {unknown}
 v - a scroll of noise {unknown}
 w - a scroll of vulnerability {unknown}
 x - a scroll of enchant armour {unknown}
 y - a scroll of blinking {unknown}
Potions
 d - a potion of might
 e - 6 potions of haste
 f - a potion of heal wounds
 h - 2 potions of cancellation {unknown}
 k - 2 potions of ambrosia
 o - a potion of mutation
 q - 4 potions of brilliance
 z - a potion of berserk rage {unknown}


   Skills:
 + Level 7.5 Fighting
 + Level 6.4 Maces & Flails
 + Level 7.5 Armour
 + Level 7.4 Shields


You had 8 spell levels left.
You didn't know any spells.
Your spell library contained the following spells:

 Spells                   Type           Power      Damage    Failure   Level
 Ignite Poison            Fire/Tmut/Pois 0%         N/A       100%        3
 Kindle Blastsparks       Fire/Tloc/Air  0%         2d10      100%        3
 Freezing Cloud           Conj/Ice/Air   0%         6-21      100%        5


Dungeon Overview and Level Annotations

Branches:
Dungeon (7/15)             Temple (1/1) D:4

Altars:
Ashenzari
Cheibriados
Dithmenos
Elyvilon
Fedhas
Gozag
Hepliaklqana
Makhleb
Nemelex Xobeh
Qazlal
Ru
Sif Muna
Trog
Uskayaw
Wu Jian
Xom
Zin
The Shining One


Innate Abilities, Weirdness & Mutations

You are immune to sickness and miasma.
Your stone body is resilient. (AC +6)
You are immune to poison.
You resist negative energy. (rN+)
You are resistant to electric shocks. (rElec)
You are resistant to unholy torment.
You are immune to petrification.


Message History

Nabski's ghost is heavily damaged.
Nabski's ghost barely misses you.
You hit Nabski's ghost but do no damage.
Nabski's ghost is heavily damaged.
Nabski's ghost hits you but does no damage.
You barely miss Nabski's ghost.
Nabski's ghost is heavily damaged.
You block Nabski's ghost's attack.
You barely miss Nabski's ghost.
Nabski's ghost is heavily damaged.
Nabski's ghost hits you.
You thump Nabski's ghost!
Nabski's ghost is severely damaged.
Nabski's ghost hits you but does no damage.
You hit Nabski's ghost but do no damage.
Nabski's ghost is severely damaged.
Nabski's ghost hits you but does no damage.
You block Nabski's ghost's attack.
You hit Nabski's ghost.
Nabski's ghost is severely damaged.
Nabski's ghost hits you but does no damage.
You miss Nabski's ghost.
Nabski's ghost is severely damaged.
You block Nabski's ghost's attack.
You miss Nabski's ghost.
Nabski's ghost is severely damaged.
Nabski's ghost hits you but does no damage.
You sock Nabski's ghost!
You destroy Nabski's ghost!
Qazlal accepts your kill.
The unseen horror simulacrum hits you but does no damage.
The unseen horror simulacrum hits you.
The unseen horror simulacrum freezes you!
You hit the unseen horror simulacrum.
The unseen horror simulacrum is lightly damaged.
The unseen horror simulacrum hits you.
The unseen horror simulacrum freezes you!
The unseen horror simulacrum hits you.
The unseen horror simulacrum freezes you!!
You die...

######## #......# ########
#.####.###......#
#.####.#.#.####.#
#...........###.## #########
#..###...........# #........ ...#
#.....####..# #.###.###
#.####.#.#.......# #.##.....
#......#.###.###@# #......##
########.###..##Z# #......<. ...#
##'##....ZZ# #######.##..## ##.#
##...#......# #.....#.##..##
#.###...###'''#####.....#.##....
##.##....#......Z#.......#.###.#.
##.#.....##..(..##.......#.###...
...'.....#.......#...............
##.#.....##..)$.##..##.###.......


You could see a spectral centaur, a centaur simulacrum, an unseen horror
simulacrum and a centaur zombie.

Vanquished Creatures
  The ghost of Nabski the Destroyer, a novice TeFE of Vehumet (D:7)
  A hornet (D:7)
  Grinder (D:5)
  A black bear (D:7)
  An ice beast (D:7)
  A centaur (D:5)
  A phantom (D:7)
  2 bullfrogs
  A necrophage (D:5)
  3 wights (D:6)
  A vampire bat (D:4)
  3 howler monkeys (D:7)
  A centaur zombie (D:7)
  A hound (D:4)
  4 jellies
  4 iguanas
  3 orc wizards
  4 gnolls
  5 adders
  A shadow imp (D:6)
  A white imp (D:6)
  An ufetubus (D:5)
  2 worms
  4 dart slugs
  3 fire bats (D:4)
  9 orcs
  2 spectral bats (D:4)
  7 ball pythons
  15 bats
  3 bat skeletons (D:4)
  A bat zombie (D:4)
  7 endoplasms
  3 giant cockroaches (D:1)
  6 hobgoblins
  4 jackals (D:1)
  12 kobolds
  5 quokkas
  A bat simulacrum (D:4)
  7 frilled lizards
  7 goblins
  7 rats
147 creatures vanquished.

Notes
Turn   | Place    | Note
-------+----------+-------------------------------------------
     0 | D:1      | Dittersdorf the Gargoyle Fighter began the quest for the
                  | Orb.
     0 | D:1      | Reached XP level 1. HP: 14/14 MP: 1/1
   143 | D:1      | Reached XP level 2. HP: 10/19 MP: 2/2
   384 | D:1      | Reached XP level 3. HP: 21/23 MP: 3/3
   893 | D:2      | Reached XP level 4. HP: 26/29 MP: 4/4
  1244 | D:2      | Found an opulent altar of Gozag.
  1517 | D:3      | Reached XP level 5. HP: 24/33 MP: 5/5
  2489 | D:4      | Found a staircase to the Ecumenical Temple.
  2500 | Temple   | Entered the Ecumenical Temple
  2567 | Temple   | Became a worshipper of Qazlal Stormbringer
  2792 | D:4      | Reached XP level 6. HP: 39/39 MP: 6/6
  3269 | D:4      | Reached skill level 5 in Fighting
  3269 | D:4      | Reached skill level 5 in Armour
  3366 | D:4      | Identified the +0 buckler of Ujileeck {-Cast rN+++ rCorr}
  3408 | D:5      | Entered Level 5 of the Dungeon
  3417 | D:5      | Reached skill level 5 in Shields
  3417 | D:5      | Reached XP level 7. HP: 36/44 MP: 7/7
  3705 | D:5      | Noticed Grinder
  3715 | D:5      | Paralysed by Grinder for 2 turns
  3723 | D:5      | Paralysed by Grinder for 5 turns
  3749 | D:5      | Paralysed by Grinder for 4 turns
  3756 | D:5      | Killed Grinder
  3995 | D:5      | Reached * piety under Qazlal
  4446 | D:5      | Reached XP level 8. HP: 51/51 MP: 8/8
  4633 | D:6      | Reached skill level 5 in Maces & Flails
  5044 | D:6      | Found a broken altar of Ashenzari.
  5060 | D:6      | Found a shimmering altar of Xom.
  5060 | D:6      | Found a shimmering blue altar of Sif Muna.
  5062 | D:6      | Found a hazy altar of Hepliaklqana.
  5201 | D:7      | Noticed a hornet
  5211 | D:7      | Killed a hornet
  5344 | D:7      | Found a sparkling altar of Nemelex Xobeh.
  5552 | D:7      | Reached XP level 9. HP: 47/57 MP: 9/9
  5591 | D:7      | Found a glowing golden altar of the Shining One.
  5880 | D:7      | Found a runed translucent gate.
  5881 | D:7      | Found a runed translucent gate.
  5881 | D:7      | Found a runed translucent gate.
  5885 | D:7      | Noticed Nabski's ghost (novice TeFE)
  6224 | D:7      | Killed Nabski's ghost
  6225 | D:7      | Slain by an unseen horror simulacrum

Illustrated notes

Levels and vault maps discovered:
D:1:      dpeg_arrival_solitude, layout_loops_cross, glass_columns_a
D:2:      layout_loops_cross, basic_altar
D:3:      layout_basic
D:4:      layout_cave_pools, minmay_temple_entry_statues_pillars,
          grunt_ministairs_13, goddamned_bats
D:5:      cheibrodos_quashed, layout_basic, uniq_grinder
D:6:      layout_cave_pools, mainiacjoe_overflow_alcove_3
D:7:      layout_loops_corners, tso_altar, kennysheep_mini,
          gammafunk_ghost_necromancy, nicolae_concentric_dashed_squares_mild,
          kennysheep_crisscross
Temple:   nicolae_temple_x_marks_the_god

Skill      XL: |  1  2  3  4  5  6  7  8  9 |
---------------+----------------------------+-----
Armour         | 4 5 7 |  7.5
Fighting       | 4 5 7 |  7.5
Shields        | 4 5 6 7 |  7.4
Maces & Flails | 3 4 5 6 |  6.4

Action                     |  1- 3 |  4- 6 |  7- 9 || total
---------------------------+-------+-------+-------++-------
  Melee: Flail             |   158 |   303 |   261 ||   722
    Use: Scroll            |       |       |     7 ||     7
 Armour: Scale mail        |   101 |    19 |       ||   120
         Chain mail        |       |   297 |   190 ||   487
  Dodge: Dodged            |   102 |   168 |    77 ||   347
  Block: Buckler           |    49 |   100 |    79 ||   228

Table legend: (Time is in decaauts)
 A = Elapsed time spent in this place.
 B = Non-inter-level travel time spent in this place.
 C = Inter-level travel time spent in this place.
 D = Time resting spent in this place.
 E = Time spent auto-exploring this place.
 F = Levels seen in this place.
 G = Mean time per level.
                   A        B        C        D        E       F      G
               +--------+--------+--------+--------+--------+-----+--------+
         Total |   6410 |   6135 |    275 |    525 |   4078 |   8 |  801.2 |
       Dungeon |   6338 |   6063 |    275 |    525 |   4032 |   7 |  905.4 |
        Temple |     71 |     71 |      0 |      0 |     46 |   1 |   71.0 |
               +--------+--------+--------+--------+--------+-----+--------+

Top non-repeatable levels by time:
     D:5: 1158 daAuts
     D:7: 1043 daAuts
     D:3: 971 daAuts
     D:4: 925 daAuts
     D:1: 818 daAuts
     D:2: 797 daAuts
     D:6: 624 daAuts
  Temple: 71 daAuts
